 Dungeon Sprint DCSS version 0.27-a0-562-g0d39f094a4 (webtiles) character file.

Game seed: 11683503424208384426

800 rocky1 the Geomancer (level 7, -4/41 HPs)
             Began as an Octopode Earth Elementalist on Mar 8, 2021.
             Was a High Priest of Sif Muna.
             Slain by a demonic crawler (6 damage)
             ... in the Dungeon (Sprint VII: "The Pits").
             The game lasted 00:07:48 (1255 turns).

rocky1 the Geomancer (Octopode Earth Elementalist)  Turns: 1255, Time: 00:07:49

Health: -4/41      AC:  1    Str:  8    XL:     7   Next: 90%
Magic:  18/18      EV: 13    Int: 19    God:    Sif Muna [*****.]
Gold:   0          SH:  0    Dex: 12    Spells: 12/21 levels left

rFire    . . .     SeeInvis .   k - +1 quarterstaff (protect)
rCold    . . .     Faith    .   (shield currently unavailable)
rNeg     . . .     Spirit   .   (helmet restricted)
rPois    .         Reflect  .   (no amulet)
rElec    .         Harm     .   (no ring)
rCorr    .         Rampage  .   (no ring)
Will     .....     NoTele   +   (no ring)
Stlth    +++.......             (no ring)
HPRegen  0.13/turn              (no ring)
MPRegen  0.16/turn              (no ring)
                                (no ring)
                                (no ring)

@: slowed, very slow
A: almost no armour, amphibious, 8 rings, constrict 8, camouflage 1, gelatinous
body 1, nimble swimmer 1
a: Renounce Religion, Channel Magic, Forget Spell, Divine Exegesis


You were in the Dungeon.
You worshipped Sif Muna.
Sif Muna was extremely pleased with you.
You visited 1 branch

Inventory:

Hand Weapons
 k - a +1 quarterstaff of protection (weapon)
Missiles
 b - 21 stones
Scrolls
 h - a scroll of blinking
 i - 5 scrolls of amnesia
 j - a scroll of summoning
Potions
 a - 2 potions of invisibility
 c - 5 potions of curing
 d - 5 potions of heal wounds
 e - a potion of haste
 f - 4 potions of magic
 g - 3 potions of berserk rage


   Skills:
 - Level 2.0 Dodging
 - Level 2.6 Stealth
 + Level 7.9 Spellcasting
 - Level 1.0 Transmutations
 + Level 12.8 Earth Magic
 + Level 7.6 Invocations


You had 12 spell levels left.
You knew the following spells:

 Your Spells              Type           Power      Damage    Failure   Level
a - Sandblast             Erth           100%       2d20      1%          1
b - Stone Arrow           Conj/Erth      62%        3d10      1%          3
c - Lee's Rapid Deconstr  Erth           27%        3d15*     1%          5

Your spell library contained the following spells:

 Spells                   Type           Power      Damage    Failure   Level
 Passwall                 Tmut/Erth      27%        N/A       1%          2
 Petrify                  Tmut/Erth      33%        N/A       5%          4
 Sticky Flame             Conj/Fire      7%         2d3       67%         4
 Summon Lightning Spire   Summ/Air       7%         N/A       67%         4
 Summon Forest            Summ/Tloc      3%         N/A       95%         5
 Fire Storm               Conj/Fire      3%         8d1       100%        9


Dungeon Overview and Level Annotations

Branches:
Dungeon (1/1)

Altars:
Ashenzari
Cheibriados
Dithmenos
Elyvilon
Fedhas
Gozag
Hepliaklqana
Kikubaaqudgha
Makhleb
Nemelex Xobeh
Okawaru
Qazlal
Ru
Sif Muna
Trog
Uskayaw
Vehumet
Wu Jian
Xom
Yredelemnul
Zin
The Shining One
Beogh
Jiyva
Lugonu

Annotations:
D Erica


Innate Abilities, Weirdness & Mutations

You cannot wear most types of armour.
You are amphibious.
You can wear up to eight rings at the same time.
You can use your tentacles to constrict eight enemies at once.
Your skin changes colour to match your surroundings (Stealth+).
Your rubbery body absorbs attacks. (AC +1, EV +1)
You are stealthy while swimming. (Stealth+)


Message History

You sock the hobgoblin!
Your weapon exudes an aura of protection.
You kill the hobgoblin!
Sif Muna accepts your kill.
You see here a hobgoblin corpse.
You see here a hobgoblin corpse.
There is an open door here.
Things that are here:
a +0 short sword; a curare-tipped dart You start resting.
HP restored.
You start resting.
Magic restored.
You open the door.
A demonic crawler, a hobgoblin and Erica come into view.
Erica is wielding a +2 scimitar of flaming.
Erica points at you and mumbles some strange words.
The bolt of poison hits you!!
You are poisoned.
Ouch! That really hurt!
You feel sick.
Erica points at you and mumbles some strange words.
You feel yourself slow down.
There is an open door here.
Things that are here:
a +0 short sword; a curare-tipped dart You feel sick.
You see here a hobgoblin corpse.
You feel better. The demonic crawler hits you. The demonic crawler hits you!
* * * LOW HITPOINT WARNING * * *
The demonic crawler hits you.
* * * LOW HITPOINT WARNING * * *
The demonic crawler hits you.
* * * LOW HITPOINT WARNING * * *
The demonic crawler barely misses you. The demonic crawler hits you.
* * * LOW HITPOINT WARNING * * *
You feel much better. The demonic crawler hits you!
* * * LOW HITPOINT WARNING * * *
The demonic crawler barely misses you. The demonic crawler hits you.
You die...

#.##'####))##.......#
#.#.....#[[##.......#
#.#.....#'###...<...#
#.#........##.......#
#.#........##.......#
#)###########.......#
#รท......#..##########
#...#...#.## ###
#...#...#@# .g.#
#)##.##.#s#....#
#.).#...#g'...@+
#)..#...#'#@...#
#.......'.#....#
########### ####


You could see Erica, a demonic crawler and a hobgoblin.

Vanquished Creatures
  A warg (D)
  A soldier ant (D)
  A floating eye (D)
  An orc warrior (D)
  A phantom (D)
  A kobold brigand (D)
  3 orc priests (D)
  4 orc wizards (D)
  2 gnolls (D)
  3 adders (D)
  A leopard gecko (D)
  An orc (D)
  2 giant cockroaches (D)
  A goblin (D)
  A hobgoblin (D)
  A ball python (D)
  A frilled lizard (D)
  A rat (D)
27 creatures vanquished.

Notes
Turn   | Place    | Note
-------+----------+-------------------------------------------
     0 | D        | rocky1 the Octopode Earth Elementalist began the quest for
                  | the Orb.
     0 | D        | Reached XP level 1. HP: 11/11 MP: 3/3
    21 | D        | Reached skill level 5 in Earth Magic
    21 | D        | Reached XP level 2. HP: 2/17 MP: 3/5
   316 | D        | Found a bloodstained altar of Trog.
   316 | D        | Found a shimmering blue altar of Sif Muna.
   316 | D        | Found a viscous altar of Jiyva.
   316 | D        | Found a hazy altar of Hepliaklqana.
   316 | D        | Found an opulent altar of Gozag.
   317 | D        | Found a glowing golden altar of the Shining One.
   317 | D        | Found a glowing silver altar of Zin.
   317 | D        | Found a basalt altar of Yredelemnul.
   317 | D        | Found a shimmering altar of Xom.
   317 | D        | Found an ornate altar of the Wu Jian Council.
   317 | D        | Found a sacrificial altar of Ru.
   317 | D        | Found a stormy altar of Qazlal.
   317 | D        | Found an iron altar of Okawaru.
   317 | D        | Found a sparkling altar of Nemelex Xobeh.
   317 | D        | Found a burning altar of Makhleb.
   317 | D        | Found a blossoming altar of Fedhas.
   317 | D        | Found a white marble altar of Elyvilon.
   317 | D        | Found a shadowy altar of Dithmenos.
   317 | D        | Found a snail-covered altar of Cheibriados.
   320 | D        | Found a corrupted altar of Lugonu.
   320 | D        | Found a radiant altar of Vehumet.
   321 | D        | Found an ancient bone altar of Kikubaaqudgha.
   321 | D        | Found a hide-covered altar of Uskayaw.
   321 | D        | Found a broken altar of Ashenzari.
   322 | D        | Became a worshipper of Sif Muna the Loreminder
   365 | D        | Reached skill level 6 in Earth Magic
   369 | D        | Reached * piety under Sif Muna
   372 | D        | Reached XP level 3. HP: 21/21 MP: 0/6
   428 | D        | Learned a level 3 spell: Stone Arrow
   431 | D        | Noticed a floating eye
   433 | D        | Killed a floating eye
   434 | D        | Reached skill level 10 in Earth Magic
   434 | D        | Reached XP level 4. HP: 27/27 MP: 4/7
   434 | D        | Reached XP level 5. HP: 31/31 MP: 4/8
   438 | D        | Reached ** piety under Sif Muna
   454 | D        | Reached *** piety under Sif Muna
   455 | D        | Reached skill level 11 in Earth Magic
   460 | D        | Reached skill level 1 in Invocations
   460 | D        | Reached XP level 6. HP: 19/36 MP: 11/13
   702 | D        | Learned a level 5 spell: Lee's Rapid Deconstruction
   779 | D        | Noticed an orc warrior
   782 | D        | Reached skill level 5 in Spellcasting
   783 | D        | Reached **** piety under Sif Muna
   789 | D        | Killed an orc warrior
   790 | D        | Reached skill level 5 in Invocations
   790 | D        | Noticed a warg
   794 | D        | Killed a warg
   794 | D        | Reached ***** piety under Sif Muna
   795 | D        | Reached skill level 12 in Earth Magic
   795 | D        | Reached XP level 7. HP: 19/41 MP: 2/17
  1011 | D        | Noticed a soldier ant
  1013 | D        | Killed a soldier ant
  1013 | D        | Identified Sif Muna's Incunabulum of the Burning Entourage
                  | (Sif Muna gifted it to you in the Dungeon)
  1013 | D        | Received a gift from Sif Muna
  1251 | D        | Noticed Erica
  1251 | D        | Noticed a demonic crawler
  1254 | D        | HP: 2/41 [demonic crawler (1)]
  1255 | D        | Slain by a demonic crawler

Illustrated notes

Levels and vault maps discovered:
D:        pitsprint [storerooms_1, entrance_room_1, metal_vault_3, armoury_2,
          mini_pit_1, grid_room_1, main_hall_1, silver_pit, the_coven_1,
          the_vestibule_1, steel_vault_3, golden_pit, hallway_of_sentries,
          crystal_vault_5, iron_vault_2, final_vault]

Skill      XL: |  1  2  3  4  5  6  7 |
---------------+----------------------+-----
Earth Magic    | 5 6 10 11 12 | 12.8
Spellcasting   | 4 6 7 |  7.9
Invocations    | 1 6 7 |  7.6
Dodging        | |  2.0
Stealth        | |  2.6
Transmutations | |  1.0

Action                   |  1- 3 |  4- 6 |  7- 9 || total
-------------------------+-------+-------+-------++-------
Melee: Unarmed           |     9 |     5 |       ||    14
       Constrict         |     2 |     1 |     1 ||     4
       Tentacles         |     1 |     1 |       ||     2
       Quarterstaff      |       |       |     3 ||     3
 Cast: Sandblast         |     8 |    11 |       ||    19
       Lee's Rapid Decon |       |     6 |     4 ||    10
       Stone Arrow       |       |     1 |       ||     1
Invok: Channel Magic     |       |     2 |       ||     2
  Use: Potion            |       |       |     2 ||     2
Armor: Skin              |       |       |     1 ||     1
Dodge: Dodged            |     5 |     7 |     3 ||    15

Table legend: (Time is in decaauts)
 A = Elapsed time spent in this place.
 B = Non-inter-level travel time spent in this place.
 C = Inter-level travel time spent in this place.
 D = Time resting spent in this place.
 E = Time spent auto-exploring this place.
 F = Levels seen in this place.
 G = Mean time per level.
                   A        B        C        D        E       F      G
               +--------+--------+--------+--------+--------+-----+--------+
         Total |   1256 |   1256 |      0 |    994 |      0 |   1 | 1256.0 |
       Dungeon |   1256 |   1256 |      0 |    994 |      0 |   1 | 1256.0 |
               +--------+--------+--------+--------+--------+-----+--------+

Top non-repeatable levels by time:
       D: 1256 daAuts
